[Event "Titled Tuesday Blitz March 22 Early 2022"]
[White "Kozak, Antoni"]
[Black "Migot, Tangi"]
[WhiteFideId "21832030"]
[BlackFideId "662445"]
[WhiteElo "2236"]
[BlackElo "2526"]
[Result "0-1"]
[Round "10"]
[TimeControl "180+1"]
[Date "2022.03.22"]
[WhiteClock "0:00:01"]
[BlackClock "0:00:37"]

1. e4 c5 2. Nf3 e6 3. d4 cxd4 4. Nxd4 a6 5. Bd3 g6 6. O-O Bg7 7. Be3 Ne7 8. c4 O-O 9. Nc3 d5 10. exd5 exd5 11. c5 Nbc6 12. Nce2 Ne5 13. f3 Nxd3 14. Qxd3 Nf5 15. Bf2 Re8 16. Rfe1 Bd7 17. Rad1 Qa5 18. a3 Nxd4 19. Nxd4 Rxe1+ 20. Rxe1 Qxc5 21. Nf5 Qb5 22. Ne7+ Kh8 23. Qxd5 Qxd5 24. Nxd5 Re8 25. Rxe8+ Bxe8 26. b4 Bb2 27. Be1 Bxa3 28. Bc3+ Kg8 29. Nf6+ Kf8 30. Nxh7+ Ke7 31. Nf6 Bc6 32. Kf2 Ke6 33. Ng4 Bc1 34. Ne3 f5 35. g3 g5 36. h4 f4 37. Ng2 fxg3+ 38. Kxg3 gxh4+ 39. Nxh4 Kd5 40. f4 Kc4 41. Be1 Ba3 42. Ng6 Be4 43. Ne5+ Kb5 44. Kg4 Bxb4 45. Bxb4 Kxb4 46. f5 Bd5 47. f6 a5 48. Kf5 a4 49. Nd3+ Kc3 50. Nf4 Bf7 51. Ke5 a3 52. Nd5+ Kb2 53. Nb4 Kb3 54. Nd3 b5 55. Kd6 Kc3 56. Nc1 a2 57. Ke7 a1=Q 58. Kxf7 Qxc1 0-1


[Site "https://www.chess.com"]

[Event "Titled Tuesday Blitz March 22 Early 2022"]
[White "Krylov, Ivan"]
[Black "Khamdamova, Afruza"]
[WhiteFideId "24128066"]
[BlackFideId "14210444"]
[WhiteElo "2258"]
[BlackElo "1660"]
[Result "1-0"]
[Round "10"]
[TimeControl "180+1"]
[Date "2022.03.22"]
[WhiteClock "0:00:11"]
[BlackClock "0:00:18"]

1. e4 e5 2. Nf3 Nf6 3. Nxe5 d6 4. Nf3 Nxe4 5. Nc3 Nxc3 6. dxc3 Nc6 7. Be3 Be7 8. Qd2 Be6 9. O-O-O Qd7 10. Kb1 a6 11. Bd3 h6 12. Rhe1 O-O-O 13. Nd4 Nxd4 14. Bxd4 Rhg8 15. Qe2 g6 16. Bxa6 Qa4 17. Bd3 Qxa2+ 18. Kc1 Bg5+ 19. Be3 Qa1+ 20. Kd2 Qxb2 21. Rb1 Qa3 22. Bxg5 hxg5 23. Qf3 c6 24. Ra1 Qc5 25. Ra4 g4 26. Qf6 d5 27. Rb4 Kc7 28. Rxe6 fxe6 29. Qf7+ Kd6 30. Rxb7 Rge8 31. Qc7# 1-0


[Site "https://www.chess.com"]

[Event "Titled Tuesday Blitz March 22 Early 2022"]
[White "Krzywda, Andrzej"]
[Black "Quirke, Jeffrey"]
[WhiteFideId "1114565"]
[BlackFideId "2013029"]
[WhiteElo "2098"]
[BlackElo "2245"]
[Result "0-1"]
[Round "10"]
[TimeControl "180+1"]
[Date "2022.03.22"]
[WhiteClock "0:00:02"]
[BlackClock "0:00:04"]

1. d4 d5 2. c4 e6 3. Nf3 Nf6 4. g3 c5 5. cxd5 Nxd5 6. Bg2 Nc6 7. O-O cxd4 8. Nxd4 Bc5 9. Nxc6 bxc6 10. Qc2 Qb6 11. a3 a5 12. Nd2 Ba6 13. Nc4 Qb5 14. Ne5 Rc8 15. Nd3 Bd4 16. Bd2 O-O 17. Rab1 a4 18. Rfc1 Rb8 19. Bf3 Rfc8 20. Nf4 Qb6 21. e3 Bf6 22. Nh5 Be7 23. Be4 g6 24. Nf4 Qb3 25. Qxb3 Rxb3 26. Bc2 Nxf4 27. Bxb3 Ne2+ 28. Kg2 Nxc1 29. Bxa4 Nd3 30. Bc3 c5 31. f3 Bb7 32. Bc2 c4 33. Bd4 e5 34. Bc3 Bc5 35. Bd2 f6 36. b3 g5 37. bxc4 e4 38. Rxb7 exf3+ 39. Kxf3 Ne5+ 40. Kg2 Nxc4 41. Bb3 Bd6 42. Bb4 Be5 43. Rd7 Kh8 44. Bxc4 Rxc4 45. Rd2 Kg7 46. h3 h5 47. Kf3 h4 48. gxh4 gxh4 49. Rg2+ Bg3 50. Be1 Kf7 51. Bxg3 hxg3 52. Kxg3 Rc3 53. Ra2 Rxe3+ 54. Kg4 Re4+ 55. Kf3 Ra4 56. Ke3 Kg6 57. Kd3 Kh5 58. Kc3 Kh4 59. Kb3 Ra8 60. a4 Kxh3 61. Kc4 f5 62. a5 f4 63. Kd4 f3 64. Ke3 Kg3 65. a6 Re8+ 66. Kd4 f2 67. Ra1 Kg2 68. a7 Ra8 69. Kc5 Rxa7 70. Rxa7 f1=Q 0-1


[Site "https://www.chess.com"]

[Event "Titled Tuesday Blitz March 22 Early 2022"]
[White "Lagunov, Evgenij"]
[Black "Omariev, Maksim"]
[WhiteFideId "4125363"]
[BlackFideId "4193423"]
[WhiteElo "2200"]
[BlackElo "2506"]
[Result "0-1"]
[Round "10"]
[TimeControl "180+1"]
[Date "2022.03.22"]
[WhiteClock "0:00:38"]
[BlackClock "0:01:07"]

1. e4 h5 2. d4 h4 3. Nc3 c6 4. Bg5 h3 5. Nxh3 d5 6. Qd2 Bxh3 7. gxh3 dxe4 8. Nxe4 Nd7 9. Qe3 Qa5+ 10. c3 O-O-O 11. Bg2 Ngf6 12. Bf4 Nd5 13. Qg3 Nxf4 14. Qxf4 Nf6 15. Nc5 e6 16. Nb3 Qa6 17. Bf1 Qa4 18. Bg2 Bd6 19. Qd2 Nd5 20. O-O Nf4 21. Qe3 Rh6 22. Kh1 Nxg2 23. Kxg2 Rdh8 24. f4 Qb5 25. Qf3 Qf5 26. Qg4 Rg6 0-1


[Site "https://www.chess.com"]

[Event "Titled Tuesday Blitz March 22 Early 2022"]
[White "Lazavik, Denis"]
[Black "Perez Gormaz, Matias"]
[WhiteFideId "13515110"]
[BlackFideId "3406342"]
[WhiteElo "2437"]
[BlackElo "2327"]
[Result "1-0"]
[Round "10"]
[TimeControl "180+1"]
[Date "2022.03.22"]
[WhiteClock "0:00:30"]
[BlackClock "0:00:11"]

1. d4 Nf6 2. c4 e6 3. Nf3 c5 4. d5 exd5 5. cxd5 d6 6. Nc3 g6 7. h3 Bg7 8. Bf4 O-O 9. e3 a6 10. a4 Nh5 11. Bh2 f5 12. Be2 f4 13. e4 Nd7 14. O-O Qe7 15. Re1 Rb8 16. Rb1 h6 17. Kh1 Nhf6 18. b4 g5 19. bxc5 Nxc5 20. e5 Ne8 21. Bc4 Bf5 22. Rc1 Kh8 23. exd6 Qxd6 24. Nd4 Bg6 25. Ne6 Nxe6 26. Rxe6 Qc5 27. Rxg6 Qxc4 28. d6 Rd8 29. f3 Rf6 30. Rxf6 Bxf6 31. Ne4 Qe6 32. Bg1 Nxd6 33. Nxf6 1-0


[Site "https://www.chess.com"]

[Event "Titled Tuesday Blitz March 22 Early 2022"]
[White "Le, Tuan Minh"]
[Black "Nepomniachtchi, Ian"]
[WhiteFideId "12401153"]
[BlackFideId "4168119"]
[WhiteElo "2450"]
[BlackElo "2740"]
[Result "0-1"]
[Round "10"]
[TimeControl "180+1"]
[Date "2022.03.22"]
[WhiteClock "0:00:04"]
[BlackClock "0:00:21"]

1. d4 Nf6 2. Nf3 d5 3. Bf4 Bf5 4. c4 e6 5. Nc3 Bb4 6. e3 O-O 7. Qb3 c5 8. Be2 Nc6 9. dxc5 Ne4 10. O-O Nxc5 11. Qd1 dxc4 12. Bxc4 Nd3 13. Bxd3 Qxd3 14. Qb3 Rac8 15. Rac1 Qa6 16. h3 h6 17. Rfd1 Be7 18. Qb5 Rfd8 19. Qxa6 bxa6 20. Ne2 Be4 21. Rxd8+ Rxd8 22. Ned4 Nxd4 23. Nxd4 Rd7 24. Rc8+ Kh7 25. Rc7 Rxc7 26. Bxc7 Bd5 27. a3 f6 28. b4 Kg6 29. Bb8 a5 30. Bxa7 axb4 31. axb4 Bxb4 32. Ne2 e5 33. Bb6 Bc4 34. Ng3 Bd3 35. e4 Be1 36. Kh2 Kf7 37. f3 g6 38. Be3 h5 39. Nh1 f5 40. exf5 gxf5 41. f4 e4 42. Nf2 Be2 43. Kg3 Bc3 44. Nh1 Ke6 45. Kf2 Bd1 46. Ng3 h4 47. Nf1 Kd5 48. Bb6 Bf6 49. Ne3+ Kc6 50. Nxd1 Kxb6 51. Ne3 Bd4 52. Ke2 Bxe3 53. Kxe3 Kc5 54. Kf2 Kd4 55. g4 hxg3+ 56. Kxg3 Kd3 57. h4 e3 58. h5 e2 0-1


[Site "https://www.chess.com"]

[Event "Titled Tuesday Blitz March 22 Early 2022"]
[White "Lewtak, Damian"]
[Black "Dixit, Nikhil"]
[WhiteFideId "1141724"]
[BlackFideId "5059534"]
[WhiteElo "2362"]
[BlackElo "2223"]
[Result "1/2-1/2"]
[Round "10"]
[TimeControl "180+1"]
[Date "2022.03.22"]
[WhiteClock "0:00:55"]
[BlackClock "0:00:51"]

1. c4 Nc6 2. Nc3 e5 3. g3 h5 4. h3 h4 5. g4 d6 6. e4 Nge7 7. d3 Ng6 8. Nge2 Be7 9. d4 Bg5 10. d5 Nb8 11. Bxg5 Qxg5 12. Qd2 f6 13. Nb5 Na6 14. a3 Bd7 15. b4 Ke7 16. Qc3 Nf4 17. Rc1 c6 18. Nxf4 Qxf4 19. Nxd6 Kxd6 20. c5+ Kc7 21. Bg2 Kc8 22. b5 Nc7 23. bxc6 bxc6 24. O-O Nb5 25. Qa5 Nd4 26. Rb1 Nf3+ 27. Bxf3 Qxf3 28. Qa6+ Kd8 29. dxc6 Qxh3 30. Rfd1 Qxg4+ 31. Kf1 Qh3+ 32. Ke2 Qg4+ 33. Ke1 Qg1+ 34. Qf1 Qxf1+ 35. Kxf1 Kc7 36. cxd7 Rhd8 37. Kg2 Rxd7 38. Rxd7+ Kxd7 39. Rb7+ Kc6 40. Rxg7 Kxc5 41. Rf7 Kd4 42. Rxf6 Kxe4 43. Kh3 Rd8 44. Ra6 Rd7 45. Kxh4 Kf3 46. Kg5 Kxf2 47. Kf5 Re7 48. Ke4 Ke2 49. Ra5 Kd2 50. Rxe5 Rxe5+ 51. Kxe5 Kc3 52. Ke4 a5 53. a4 Kb4 54. Kd3 Kxa4 55. Kc2 Ka3 56. Kb1 Kb4 57. Ka1 Ka4 58. Kb1 Kb5 59. Ka1 Kb6 60. Kb1 Ka6 61. Ka1 Kb5 62. Kb1 Kc5 63. Ka1 Kc6 64. Kb1 Kb6 65. Ka1 Kb7 66. Kb1 Ka7 67. Ka1 Kb8 68. Kb1 Ka8 69. Ka1 Kb7 70. Kb1 Kb6 71. Ka1 Kb5 72. Kb1 a4 73. Ka1 Ka5 74. Kb1 Ka6 75. Ka1 Kb6 76. Kb1 Kb5 77. Ka1 Ka5 78. Kb1 Kb4 79. Ka1 Kc4 80. Kb1 Kc5 81. Ka1 Kb4 82. Kb1 Kb3 83. Ka1 Ka3 84. Kb1 Kb4 85. Ka1 a3 86. Kb1 Kb5 87. Ka1 Ka5 88. Kb1 Kb6 89. Ka1 Kc7 90. Kb1 Kd8 91. Ka1 Ke8 92. Kb1 Kf8 93. Ka1 Kg8 94. Kb1 Kh8 95. Ka2 Kh7 96. Kxa3 1/2-1/2


[Site "https://www.chess.com"]

[Event "Titled Tuesday Blitz March 22 Early 2022"]
[White "Maevsky, Nikolay"]
[Black "Van den Dikkenberg, Erik"]
[WhiteFideId "4198220"]
[BlackFideId "1005880"]
[WhiteElo "2126"]
[BlackElo "2118"]
[Result "1-0"]
[Round "10"]
[TimeControl "180+1"]
[Date "2022.03.22"]
[WhiteClock "0:01:13"]
[BlackClock "0:00:21"]

1. d4 Nf6 2. Nf3 g6 3. c4 Bg7 4. Nc3 O-O 5. e4 d6 6. Be2 e5 7. d5 Nbd7 8. Bg5 a5 9. Nd2 Nc5 10. O-O Bd7 11. b3 Qb8 12. a3 Qa7 13. Be3 b6 14. f3 Nh5 15. g3 f5 16. exf5 gxf5 17. Qc2 f4 18. Bf2 Bf5 19. Nde4 fxg3 20. hxg3 Nf6 21. Rfe1 Bxe4 22. fxe4 Bh6 23. Kg2 Rae8 24. Rh1 Bg5 25. b4 Ncd7 26. Nb5 Qb8 27. bxa5 bxa5 28. Rab1 Qd8 29. Na7 Nc5 30. Nc6 Qd7 31. Bxc5 dxc5 32. Qd3 Ng4 33. Bxg4 Qxg4 34. Rbf1 Rf4 35. Rxf4 exf4 36. e5 h5 37. Qf3 fxg3 38. Qxg4 hxg4 39. Kxg3 Rf8 40. Kxg4 Be3 41. Ne7+ Kf7 42. Nf5 Rg8+ 43. Kf3 Bg5 44. Rg1 Bd8 45. Nh6+ 1-0


[Site "https://www.chess.com"]

[Event "Titled Tuesday Blitz March 22 Early 2022"]
[White "Manukian, Artak"]
[Black "Jaferian, Koosha"]
[WhiteFideId "13301373"]
[BlackFideId "12507440"]
[WhiteElo "2430"]
[BlackElo "2030"]
[Result "1-0"]
[Round "10"]
[TimeControl "180+1"]
[Date "2022.03.22"]
[WhiteClock "0:00:20"]
[BlackClock "0:00:56"]

1. e4 c6 2. d4 d5 3. e5 Bf5 4. c4 e6 5. Nc3 dxc4 6. Bxc4 Ne7 7. Nf3 Nd7 8. Nh4 Bg6 9. Bg5 Nb6 10. Bb3 Qc7 11. O-O Nf5 12. Nxf5 Bxf5 13. Qe2 Be7 14. Bxe7 Qxe7 15. Bc2 Bxc2 16. Qxc2 O-O 17. Ne4 Rfd8 18. Rad1 Nd5 19. a3 Rd7 20. Rd3 Rad8 21. Nd6 Nb6 22. Rf3 Rf8 23. Rd1 Nc8 24. Ne4 Rfd8 25. Rh3 h6 26. Rxh6 gxh6 27. Nf6+ Kf8 28. Qh7 1-0


[Site "https://www.chess.com"]

[Event "Titled Tuesday Blitz March 22 Early 2022"]
[White "Martinez Alcantara, Jose Eduardo"]
[Black "Tari, Aryan"]
[WhiteFideId "3805662"]
[BlackFideId "1510045"]
[WhiteElo "2690"]
[BlackElo "2567"]
[Result "1-0"]
[Round "10"]
[TimeControl "180+1"]
[Date "2022.03.22"]
[WhiteClock "0:00:13"]
[BlackClock "0:00:05"]

1. e4 e5 2. Nf3 Nc6 3. Bb5 Nf6 4. d3 Bc5 5. Be3 Bxe3 6. fxe3 Ne7 7. O-O c6 8. Ba4 O-O 9. Bb3 Ng6 10. Qe1 d5 11. Nc3 h6 12. Rd1 Be6 13. Qg3 Qb6 14. Kh1 Rae8 15. exd5 cxd5 16. Rde1 Nh5 17. Qf2 Qd8 18. e4 d4 19. Bxe6 fxe6 20. Ne2 Kh7 21. Qg1 Qb6 22. c3 Qxb2 23. cxd4 exd4 24. Nexd4 Nhf4 25. Rf2 Qc3 26. Rd1 Nxd3 27. Rc2 Qa3 28. Qe3 Rc8 29. Rxd3 Qb4 30. Rd1 e5 31. Rxc8 exd4 32. Qc1 1-0


[Site "https://www.chess.com"]

[Event "Titled Tuesday Blitz March 22 Early 2022"]
[White "Matlakov, Maxim"]
[Black "Babazada, Khazar"]
[WhiteFideId "4168003"]
[BlackFideId "13413554"]
[WhiteElo "2669"]
[BlackElo "2418"]
[Result "1/2-1/2"]
[Round "10"]
[TimeControl "180+1"]
[Date "2022.03.22"]
[WhiteClock "0:00:18"]
[BlackClock "0:00:04"]

1. e4 Nf6 2. e5 Nd5 3. d4 d6 4. Nf3 Nb6 5. Be2 g6 6. O-O Bg7 7. Bg5 O-O 8. Nc3 Nc6 9. exd6 cxd6 10. Re1 Be6 11. Bh4 Qc8 12. Ne4 h6 13. h3 Bd5 14. Nc3 Bxf3 15. Bxf3 g5 16. Bg3 Qd7 17. Bxc6 bxc6 18. h4 Rae8 19. hxg5 hxg5 20. Qh5 Qf5 21. Re4 Nd5 22. Qe2 Rb8 23. Nd1 Bf6 24. c4 Nf4 25. Bxf4 gxf4 26. Qf3 e5 27. dxe5 dxe5 28. b3 Kg7 29. Ne3 Qg6 30. Ng4 Rbe8 31. Rae1 Qg5 32. g3 Rh8 33. Nxf6 Kxf6 34. Kf1 Qh5 35. Qxh5 Rxh5 36. gxf4 Rh1+ 37. Ke2 Rxe1+ 38. Kxe1 Kf5 39. Rxe5+ Rxe5+ 40. fxe5 Kxe5 41. Ke2 Kd4 42. Kd2 f5 43. Ke2 Ke4 44. f3+ Kd4 45. Kf2 f4 46. Kg2 Kc3 47. Kh3 Kb2 48. Kg4 Kxa2 49. Kxf4 Kxb3 50. Ke4 a5 51. f4 a4 52. f5 a3 53. f6 a2 54. f7 a1=Q 55. f8=Q Qe1+ 56. Kd3 Qc3+ 57. Ke2 Qxc4+ 58. Kd1 Qc2+ 59. Ke1 c5 60. Qb8+ Ka2 61. Qa7+ Kb1 62. Qb6+ Kc1 63. Qh6+ Kb2 64. Qb6+ Ka3 65. Qa5+ Kb3 66. Qb5+ Ka2 67. Qa5+ Kb2 68. Qb6+ Ka1 69. Qa7+ Kb1 70. Qb6+ Kc1 71. Qh6+ Kb2 72. Qb6+ 1/2-1/2


[Site "https://www.chess.com"]

[Event "Titled Tuesday Blitz March 22 Early 2022"]
[White "Melikhov, Evgeny V."]
[Black "Marcziter, Dmitrii"]
[WhiteFideId "4122046"]
[BlackFideId "13900765"]
[WhiteElo "1945"]
[BlackElo "2155"]
[Result "0-1"]
[Round "10"]
[TimeControl "180+1"]
[Date "2022.03.22"]
[WhiteClock "0:01:02"]
[BlackClock "0:00:56"]

1. d4 d5 2. c4 e6 3. Nc3 c5 4. cxd5 exd5 5. Nf3 Nc6 6. g3 Nf6 7. Bg2 Be7 8. O-O O-O 9. Bg5 cxd4 10. Nxd4 h6 11. Be3 Bg4 12. Rc1 Qd7 13. Nxc6 bxc6 14. Na4 Rfe8 15. Bc5 Bf8 16. Re1 Bh3 17. Bxf8 Rxf8 18. Nc5 Qc8 19. Qd4 Bxg2 20. Kxg2 Re8 21. e3 Rb8 22. b3 a5 23. Na4 Ne4 24. Re2 Rb4 25. Qa7 Ng5 26. f4 Qh3+ 27. Kh1 Ne4 28. Kg1 c5 29. Nxc5 Nxg3 30. hxg3 Qxg3+ 31. Kf1 Rxf4+ 32. exf4 Qf3+ 33. Kg1 Rxe2 0-1


[Site "https://www.chess.com"]

[Event "Titled Tuesday Blitz March 22 Early 2022"]
[White "Mena, Ailen Oriana"]
[Black "Silvestre, Christian"]
[WhiteFideId "3902773"]
[BlackFideId "30956269"]
[WhiteElo "1534"]
[BlackElo "2424"]
[Result "0-1"]
[Round "10"]
[TimeControl "180+1"]
[Date "2022.03.22"]
[WhiteClock "0:00:01"]
[BlackClock "0:00:07"]

1. e4 c6 2. d4 d5 3. e5 a6 4. h4 h6 5. c4 Bf5 6. g4 Bh7 7. e6 fxe6 8. Bd3 Nf6 9. Bxh7 Nxh7 10. Qd3 Nf6 11. Nf3 dxc4 12. Qg6+ Kd7 13. Ne5+ Kc8 14. Nf7 Qd5 15. Rg1 Rg8 16. Be3 Qe4 17. Qxe4 Nxe4 18. f3 Nd6 19. Ne5 Nd7 20. Ng6 Nf6 21. Nc3 Nd5 22. Kf2 b5 23. a3 a5 24. Rge1 Rb8 25. Bd2 Kd7 26. Nxd5 cxd5 27. Bxa5 Nf7 28. Nf4 Ra8 29. Bb4 Ra6 30. Ng6 Nh8 31. Ne5+ Ke8 32. h5 Nf7 33. Ng6 Nh8 34. f4 Nxg6 35. hxg6 e5 36. Rxe5 Rxg6 37. Rae1 Rxg4 38. Kf3 Rg6 39. Bxe7 Kf7 40. Rf5+ Rf6 41. Bxf6 gxf6 42. Rxd5 h5 43. Rxb5 h4 44. Rh5 Rg3+ 45. Kf2 Rh3 46. Kg2 Rb3 47. Rxh4 Rxb2+ 48. Kf1 Bg7 49. d5 f5 50. d6 Rd2 51. a4 c3 52. Re7+ Kf8 53. Ra7 Rxd6 54. a5 Rc6 55. Ke2 c2 0-1


[Site "https://www.chess.com"]

[Event "Titled Tuesday Blitz March 22 Early 2022"]
[White "Mikhalsky, Vladimir"]
[Black "Goriatchkin, Jouri"]
[WhiteFideId "14144352"]
[BlackFideId "4120183"]
[WhiteElo "2301"]
[BlackElo "1644"]
[Result "1-0"]
[Round "10"]
[TimeControl "180+1"]
[Date "2022.03.22"]
[WhiteClock "0:00:47"]
[BlackClock "0:00:14"]

1. e4 c6 2. d4 d5 3. e5 Bf5 4. Nc3 e6 5. h4 h5 6. Bd3 Bxd3 7. Qxd3 Nd7 8. Nf3 Ne7 9. Ng5 Nf5 10. Ne2 c5 11. c3 cxd4 12. cxd4 Bb4+ 13. Bd2 Bxd2+ 14. Qxd2 O-O 15. Ng3 Nxg3 16. fxg3 Qb6 17. g4 f6 18. exf6 Nxf6 19. gxh5 Nxh5 20. O-O-O Rac8+ 21. Kb1 Qd6 22. Qd3 Nf6 23. Rdf1 Ne4 24. Nxe4 dxe4 25. Qxe4 Rxf1+ 26. Rxf1 Qd5 27. Qxd5 exd5 28. Rf5 Rd8 29. g4 g6 30. Re5 Kf7 31. Kc2 Rd7 32. Kb3 Kf6 33. g5+ Kf7 34. Kb4 b6 35. b3 Kf8 36. Kb5 Kf7 37. Kc6 Rd8 38. Rxd5 Rc8+ 39. Kb5 Rc2 40. Rd7+ Ke6 41. Rxa7 Kf5 42. Kxb6 Rd2 43. Kc5 Kg4 44. Ra6 Kxh4 45. Rxg6 Rxa2 46. d5 Kh5 47. Rg8 Rc2+ 48. Kd4 Rd2+ 49. Ke5 Re2+ 50. Kd6 Rb2 51. Kc5 Rxb3 52. d6 Rc3+ 53. Kd5 Rd3+ 54. Ke6 Re3+ 55. Kd7 Kg4 56. Kd8 Kf5 57. d7 Rc3 58. Ke7 Re3+ 59. Kf7 Rd3 60. d8=Q Rxd8 61. Rxd8 Kxg5 62. Rd5+ Kf4 63. Kf6 Ke4 64. Rd8 Kf4 65. Kg7 Ke4 66. Kh8 Kf4 67. Rg8 Ke4 68. Kg7 Kd4 69. Kf8 Ke4 70. Ke7 Kd4 71. Kd8 Ke4 72. Kc7 Kd4 73. Kd6 Ke4 74. Ke6 Kd4 75. Rg4+ Kc5 76. Re4 Kb5 77. Kd6 Kb6 78. Rb4+ Ka5 79. Kc5 Ka6 80. Rb5 Ka7 81. Kc6 Ka6 82. Rc5 Ka7 83. Ra5+ Kb8 84. Ra6 Kc8 85. Ra8# 1-0


[Site "https://www.chess.com"]

[Event "Titled Tuesday Blitz March 22 Early 2022"]
[White "Mirzanurov, Bulat"]
[Black "Shtyka, Sergey"]
[WhiteFideId "4184521"]
[BlackFideId "4138465"]
[WhiteElo "2116"]
[BlackElo "2014"]
[Result "1-0"]
[Round "10"]
[TimeControl "180+1"]
[Date "2022.03.22"]
[WhiteClock "0:00:21"]
[BlackClock "0:00:20"]

1. e4 c5 2. Nf3 d6 3. d4 cxd4 4. Nxd4 Nf6 5. Nc3 g6 6. f3 Bg7 7. Be3 O-O 8. Qd2 Nc6 9. O-O-O d5 10. exd5 Nxd5 11. Nxc6 bxc6 12. Bd4 e5 13. Bc5 Be6 14. Ne4 Re8 15. Bc4 Qc7 16. h4 h6 17. h5 g5 18. g4 Rad8 19. Qf2 a5 20. a4 Kh8 21. Bb3 f5 22. gxf5 Bxf5 23. Kb1 Nf6 24. Nd6 Rxd6 25. Bxd6 Qb7 26. Ka2 e4 27. fxe4 Bxe4 28. Rhe1 Qc8 29. Qc5 Bd5 30. Be5 Rxe5 31. Rxe5 Nd7 32. Rexd5 Nxc5 33. Rd8+ Qxd8 34. Rxd8+ Kh7 35. Bg8+ Kh8 36. Bf7+ Bf8 37. Rxf8+ Kg7 38. Rc8 Kxf7 39. b3 g4 40. Rxc6 Ne6 41. Rc3 Kf8 42. Rg3 1-0


[Site "https://www.chess.com"]

[Event "Titled Tuesday Blitz March 22 Early 2022"]
[White "Mirzoev, Azer"]
[Black "Ardila, Oscar Humberto"]
[WhiteFideId "13400304"]
[BlackFideId "4404742"]
[WhiteElo "2525"]
[BlackElo "1966"]
[Result "1-0"]
[Round "10"]
[TimeControl "180+1"]
[Date "2022.03.22"]
[WhiteClock "0:00:12"]
[BlackClock "0:00:15"]

1. c4 Nf6 2. Nc3 e6 3. e4 d6 4. d4 Nbd7 5. Nf3 e5 6. Be2 Be7 7. O-O O-O 8. d5 Nc5 9. Qc2 a5 10. b3 Bg4 11. Rb1 Bh5 12. Be3 b6 13. h3 Bg6 14. Nd2 Nh5 15. Rfe1 Nf4 16. Bf1 f5 17. Bxf4 exf4 18. e5 dxe5 19. Rxe5 Bf6 20. Ree1 Qd7 21. Nf3 Rae8 22. Nb5 Ne4 23. Bd3 Bh5 24. Nbd4 Bg6 25. Ne6 Rf7 26. Nxf4 Rfe7 27. Nxg6 hxg6 28. Re2 Nc3 29. Rxe7 Rxe7 30. Re1 Rxe1+ 31. Nxe1 Qe7 32. Nf3 Qa3 33. g4 Nxa2 34. gxf5 Nb4 35. Qe2 Qa1+ 36. Kg2 Nxd3 37. Qxd3 g5 38. Qe4 Qc3 39. Qe3 Qb4 40. Qe8+ Kh7 41. Qe3 Qe7 42. Qxe7 Bxe7 43. Kg3 g6 44. Kg4 gxf5+ 45. Kxf5 Kg7 46. Ne5 Bc5 47. f3 Be3 48. Ng4 Kf7 49. Nxe3 Ke7 50. Kxg5 Kd6 51. f4 Kc5 52. f5 Kb4 53. f6 Kxb3 54. f7 a4 55. f8=Q a3 56. Qf1 a2 57. Qd1+ Kb2 58. Nc2 Kc3 59. h4 Kxc4 60. h5 1-0


[Site "https://www.chess.com"]

[Event "Titled Tuesday Blitz March 22 Early 2022"]
[White "Miszler, Levente"]
[Black "Myshakov, Fyodor"]
[WhiteFideId "763276"]
[BlackFideId "14111284"]
[WhiteElo "1966"]
[BlackElo "2310"]
[Result "1-0"]
[Round "10"]
[TimeControl "180+1"]
[Date "2022.03.22"]
[WhiteClock "0:00:12"]
[BlackClock "0:00:01"]

1. e4 c6 2. d4 d5 3. e5 Bf5 4. h4 h5 5. Bd3 Bxd3 6. Qxd3 e6 7. Bg5 Be7 8. Nf3 Bxg5 9. hxg5 Ne7 10. Nc3 g6 11. g4 h4 12. Rxh4 Rxh4 13. Nxh4 Qb6 14. O-O-O Nd7 15. f4 O-O-O 16. f5 Rh8 17. fxe6 Rxh4 18. exd7+ Kxd7 19. Qf3 Rh7 20. Qf6 Ke8 21. e6 fxe6 22. Re1 Kd8 23. Qxe6 Qxd4 24. Ne4 dxe4 25. Rd1 Qxd1+ 26. Kxd1 Rh1+ 27. Kd2 Rh2+ 28. Kc3 Nd5+ 29. Kb3 Rh3+ 30. c3 e3 31. Qd6+ Kc8 32. Qxg6 Kc7 33. Qe6 Rh7 34. g6 Re7 35. Qf5 e2 36. g7 e1=Q 37. g8=Q Qd1+ 38. Ka3 Qe2 39. Qgc8+ Kb6 40. Qd8+ Nc7 41. Qd4+ Ka6 42. Qa4+ Kb6 43. Qfa5# 1-0


[Site "https://www.chess.com"]

[Event "Titled Tuesday Blitz March 22 Early 2022"]
[White "Mkrtchyan, Mariam"]
[Black "Artemenko, Oleg"]
[WhiteFideId "13310828"]
[BlackFideId "14201798"]
[WhiteElo "1984"]
[BlackElo "2287"]
[Result "0-1"]
[Round "10"]
[TimeControl "180+1"]
[Date "2022.03.22"]
[WhiteClock "0:00:02"]
[BlackClock "0:00:31"]

1. Nf3 Nf6 2. g3 d5 3. Bg2 c6 4. c4 Bg4 5. Ne5 Bc8 6. d4 Nbd7 7. Nc3 e6 8. Nxd7 Bxd7 9. O-O dxc4 10. a4 Bb4 11. e4 O-O 12. Qe2 Bxc3 13. bxc3 b5 14. Bg5 h6 15. Bxf6 Qxf6 16. e5 Qd8 17. axb5 cxb5 18. Bxa8 Qxa8 19. Ra5 Qb7 20. Rb1 Rc8 21. f3 Bc6 22. Kf2 Qb6 23. Qa2 Ra8 24. Ra1 Rd8 25. Qa3 Rxd4 26. cxd4 Qxd4+ 27. Qe3 Qb2+ 28. Qe2 Qd4+ 29. Kg2 b4 30. Rxa7 b3 31. R7a6 Bd5 32. Rd1 Qc3 33. Rb6 g6 34. Rb8+ Kg7 35. Rb6 g5 36. h4 g4 37. Kf2 Bxf3 38. Qe3 Qxe3+ 39. Kxe3 Bxd1 40. Kd2 Bf3 41. Kc3 Bd5 42. Rb8 Kg6 43. Kd4 f6 44. exf6 Kxf6 45. Rh8 Kf5 46. Rf8+ Kg6 47. Rd8 e5+ 48. Kxd5 b2 49. h5+ Kxh5 50. Rb8 c3 51. Kxe5 c2 52. Rxb2 c1=Q 53. Rh2+ Kg5 54. Re2 Qc3+ 55. Ke4 Qxg3 56. Re3 Qf4+ 0-1


[Site "https://www.chess.com"]

[Event "Titled Tuesday Blitz March 22 Early 2022"]
[White "Namitbir Singh Walia"]
[Black "Santos Flores, Alberto"]
[WhiteFideId "35071068"]
[BlackFideId "3601234"]
[WhiteElo "1565"]
[BlackElo "2235"]
[Result "0-1"]
[Round "10"]
[TimeControl "180+1"]
[Date "2022.03.22"]
[WhiteClock "0:00:02"]
[BlackClock "0:00:21"]

1. e4 c5 2. Nf3 g6 3. d4 Bg7 4. c4 Qb6 5. dxc5 Qxc5 6. Qc2 d6 7. Nc3 Bg4 8. Be3 Qa5 9. Nd4 Nc6 10. Nb3 Bxc3+ 11. bxc3 Qc7 12. f3 Bd7 13. Be2 Nf6 14. O-O O-O 15. c5 dxc5 16. Nxc5 b6 17. Nxd7 Nxd7 18. Rfd1 Na5 19. Rac1 Rfd8 20. h4 Nc5 21. h5 Rxd1+ 22. Rxd1 Rd8 23. h6 Rxd1+ 24. Qxd1 Qd7 25. Qa1 f6 26. Qb1 Kf7 27. Qb4 Qd6 28. Qb5 Qc6 29. Qb4 Ncb7 30. Bb5 Qd6 31. Be2 Qxb4 32. cxb4 Nc6 33. Bc4+ e6 34. a3 Ne5 35. Be2 Ke7 36. f4 Nf7 37. Ba6 Nbd6 38. Bd3 Nxh6 39. e5 Ndf5 40. exf6+ Kxf6 41. Bd2 Ng4 42. Bc3+ Ke7 43. a4 Nf6 44. a5 Nd5 45. Bd2 Kd6 46. Kf2 Nfe7 47. g4 Nc6 48. axb6 axb6 49. b5 Na7 50. Kf3 Nc7 51. Bb4+ Kd7 52. f5 gxf5 53. gxf5 Naxb5 54. fxe6+ Kxe6 55. Bxh7 Kd5 56. Be4+ Kc4 57. Be1 Nd4+ 58. Kg4 b5 59. Bf2 b4 60. Bxd4 Kxd4 61. Bg6 Nd5 62. Kf3 Kc3 63. Bh7 b3 64. Ke2 Nb4 65. Kd1 b2 66. Bg6 Nd3 0-1


[Site "https://www.chess.com"]

[Event "Titled Tuesday Blitz March 22 Early 2022"]
[White "Narayanan.S.L"]
[Black "Aravindh, Chithambaram VR."]
[WhiteFideId "5058422"]
[BlackFideId "5072786"]
[WhiteElo "2494"]
[BlackElo "2561"]
[Result "1-0"]
[Round "10"]
[TimeControl "180+1"]
[Date "2022.03.22"]
[WhiteClock "0:00:15"]
[BlackClock "0:00:02"]

1. c4 g6 2. g3 Bg7 3. Bg2 h5 4. Nf3 c5 5. Nc3 Nc6 6. e3 d6 7. h3 Nh6 8. d4 cxd4 9. exd4 Nf5 10. d5 Ne5 11. Nxe5 Bxe5 12. O-O Qb6 13. Ne4 Bd7 14. Qd3 Rc8 15. Rb1 Qa6 16. b3 b5 17. c5 dxc5 18. Bb2 c4 19. bxc4 bxc4 20. Qf3 Bxb2 21. Rxb2 O-O 22. Qc3 Nd6 23. Ng5 Nb5 24. Qe3 c3 25. Rc2 Bf5 26. Be4 Nd6 27. Rfc1 Nxe4 28. Nxe4 Rc4 29. Nc5 Qd6 30. Rxc3 Rxc3 31. Rxc3 Qxd5 32. Qxe7 Bxh3 33. Ne4 Qd4 34. Nf6+ Kg7 35. Rc5 Qd1+ 36. Kh2 Qf3 37. Nxh5+ Kg8 38. Nf6+ Kg7 39. Nh5+ Kg8 40. Kxh3 Qh1+ 41. Kg4 gxh5+ 42. Rxh5 Qd1+ 43. f3 Qd4+ 44. Kh3 1-0


[Site "https://www.chess.com"]